 Dungeon Crawl Stone Soup version 0.27.1-33-g824d729ab1 (webtiles) character file.

Game seed: 11666686173306568453

1270 potato4science the Chopper (level 8, -8/71 HPs)
             Began as a Minotaur Fighter on Dec 21, 2021.
             Was a Follower of Okawaru.
             Mangled by an orc warrior (9 damage)
             ... in a bailey.
             The game lasted 00:27:09 (5954 turns).

potato4science the Chopper (Minotaur Fighter)       Turns: 5954, Time: 00:27:10

Health: -8/71      AC:  9    Str: 21    XL:     8   Next: 28%
Magic:  8/8        EV: 13    Int:  7    God:    Okawaru [*.....]
Gold:   280        SH: 10    Dex: 10    Spells: 7/7 levels left

rFire    . . .     SeeInvis .   a - +0 war axe
rCold    . . .     Faith    .   c - +0 kite shield
rNeg     + . .     Spirit   .   k - +2 ring mail {rN+}
rPois    .         Reflect  .   (helmet restricted)
rElec    .         Harm     .   (no cloak)
rCorr    .         Rampage  .   e - +0 pair of gloves
Will     ++...                  (no boots)
Stlth    ..........             s - amulet "Goximmygagg" {RegenMP Will+}
HPRegen  0.21/turn              v - +4 ring of evasion
MPRegen  0.36/turn              q - ring of willpower

@: no status effects
A: horns 2, retaliatory headbutt
a: Renounce Religion, Heroism


You were in a bailey.
You worshipped Okawaru.
Okawaru was aware of your devotion.
You visited 2 branches of the dungeon, and saw 8 of its levels.
You also visited: Bailey.

You collected 280 gold pieces.

Inventory:

Hand Weapons
 a - a +0 war axe (weapon)
 h - a +1 dagger of speed
 p - a +0 dagger of draining
Missiles
 g - 114 stones (quivered)
 m - 10 sling bullets
 o - 28 poisoned darts
 t - 89 bolts
 u - 3 javelins
 B - 13 boomerangs
Armour
 c - a +0 kite shield (worn)
 e - a +0 pair of gloves (worn)
 k - a +2 ring mail of positive energy (worn)
Jewellery
 n - a ring of protection from cold
 q - a ring of willpower (right hand)
 s - the amulet "Goximmygagg" (around neck) {RegenMP Will+}
   (You found it on level 6 of the Dungeon)

   [amulet of magic regeneration]

   It increases your rate of magic regeneration.
   Will:      It increases your willpower.
 v - a +4 ring of evasion (left hand)
Scrolls
 l - 2 scrolls of teleportation
 A - a scroll of amnesia
Potions
 b - 5 potions of curing
 d - 2 potions of might
 f - a potion of flight
 i - a potion of heal wounds
 j - 2 potions of lignification
 r - a potion of berserk rage
 w - a potion of haste {unknown}
 x - 2 potions of invisibility
 z - a potion of ambrosia {unknown}
 C - a potion of resistance {unknown}


   Skills:
 + Level 6.7 Fighting
 + Level 6.7 Axes
 + Level 6.7 Armour
 + Level 6.7 Shields
 - Level 2.0 Invocations


You had 7 spell levels left.
You didn't know any spells.
Your spell library contained the following spells:

 Spells                   Type           Power      Damage    Failure   Level
 Sandblast                Erth           0%         2d4       91%         1
 Ensorcelled Hibernation  Hex/Ice        0%         N/A       97%         2
 Passwall                 Tmut/Erth      0%         N/A       97%         2
 Spider Form              Tmut/Pois      0%         N/A       99%         3
 Lee's Rapid Deconstruct  Erth           0%         3d5*      100%        5
 Shadow Creatures         Summ           N/A        N/A       100%        6


Dungeon Overview and Level Annotations

Branches:
Dungeon (7/15)             Temple (1/1) D:4          Bailey (1/1)

Altars:
Ashenzari
Cheibriados
Dithmenos
Elyvilon
Fedhas
Gozag
Hepliaklqana
Kikubaaqudgha
Makhleb
Nemelex Xobeh
Okawaru
Qazlal
Ru
Sif Muna
Trog
Uskayaw
Vehumet
Wu Jian
Xom
Yredelemnul
Zin
The Shining One

Shops:
D:5 ?


Innate Abilities, Weirdness & Mutations

You have a pair of horns on your head.
You reflexively headbutt those who attack you in melee.


Message History

Found a gate leading back out of this place.
The orc warrior shouts!
You hear a shout! x2
There is an open door here.
Okay, then.
You hit the goblin. Your headbutt misses the goblin.
The goblin is severely wounded.
The goblin barely misses you. You block the goblin's attack.
You hit the goblin but do no damage.
The goblin is severely wounded.
The goblin closely misses you.
You hit the goblin but do no damage.
You headbutt the goblin, but do no damage.
The goblin is severely wounded.
You block the goblin's attack.
You completely miss the goblin.
You headbutt the goblin, but do no damage.
The goblin is severely wounded.
You block the goblin's attack. x2
You closely miss the goblin.
The goblin is severely wounded.
The goblin closely misses you.
You barely miss the goblin.
The goblin is heavily wounded.
You block the goblin's attack.
You slash the goblin!
You kill the goblin!
You closely miss the orc warrior.
You headbutt the orc warrior, but do no damage.
You block the orc warrior's attack. The orc warrior barely misses you.
You block the orc warrior's attack.
You closely miss the orc warrior.
The orc warrior hits you from afar with the +10 glaive of Wisdom {freeze, rPois Dex+2 SInv}!!
The orc warrior freezes you. You block the orc warrior's attack.
The orc warrior barely misses you.
You closely miss the orc warrior.
The orc warrior hits you with a +0 broad axe!
The orc warrior hits you from afar with the +10 glaive of Wisdom {freeze, rPois Dex+2 SInv}!!
* * * LOW HITPOINT WARNING * * *
The orc warrior freezes you!
You die...

!.........8##. #..
?.........8#o #..
∩....⌠.....o #..
?........g8 #..
!?........ #..
#?....... ### ###.
#.....###.### ###.##
#o#.....### ###.....
##.o@......###.......
#...........#........
#...........#........
#.....⌠.....#)....⌠..
#...........)........
#.........).#).......
##.........###.......
###.....### ###.....
###.### ###.##


You could see 2 orc warriors.

Vanquished Creatures
  2 orc warriors (Bailey)
  3 necrophages
  An ogre (D:4)
  A centaur (D:7)
  A phantom (D:6)
  A centaur zombie (D:5)
  A jelly (D:6)
  A bullfrog skeleton (D:6)
  4 hounds
  2 iguanas
  An orc wizard (D:3)
  A killer bee zombie (D:6)
  A howler monkey zombie (D:5)
  8 gnolls
  6 adders
  An ufetubus (D:6)
  A worm (D:2)
  3 dart slugs
  12 orcs
  3 bats
  3 endoplasms
  A giant cockroach (D:2)
  25 goblins
  14 hobgoblins
  7 jackals
  3 quokkas
  2 ball pythons (D:2)
  A frilled lizard (D:2)
  3 kobolds
  4 rats
117 creatures vanquished.

Vanquished Creatures (others)
  3 fungi (D:2)
  2 plants (D:2)
5 creatures vanquished.

Grand Total: 122 creatures vanquished

Notes
Turn   | Place    | Note
-------+----------+-------------------------------------------
     0 | D:1      | potato4science the Minotaur Fighter began the quest for the
                  | Orb.
     0 | D:1      | Reached XP level 1. HP: 19/19 MP: 0/0
   296 | D:1      | Reached XP level 2. HP: 19/26 MP: 1/1
  1204 | D:2      | Reached XP level 3. HP: 33/33 MP: 2/2
  1589 | D:2      | Found a faded altar of an unknown god.
  2044 | D:3      | Reached XP level 4. HP: 34/39 MP: 3/3
  2161 | D:3      | Noticed a necrophage
  2196 | D:3      | Killed a necrophage
  2197 | D:3      | Reached XP level 5. HP: 44/47 MP: 4/4
  2913 | D:4      | Found a staircase to the Ecumenical Temple.
  2922 | Temple   | Entered the Ecumenical Temple
  2931 | Temple   | Became a worshipper of Warmaster Okawaru
  3056 | D:4      | Noticed a necrophage
  3067 | D:4      | Killed a necrophage
  3068 | D:4      | Reached skill level 5 in Axes
  3068 | D:4      | Reached skill level 5 in Armour
  3068 | D:4      | Reached XP level 6. HP: 53/55 MP: 5/5
  3113 | D:4      | Found a shimmering blue altar of Sif Muna.
  3234 | D:4      | Reached skill level 5 in Fighting
  3234 | D:4      | Reached skill level 5 in Shields
  3444 | D:4      | Found a hazy altar of Hepliaklqana.
  3605 | D:4      | Found a basalt altar of Yredelemnul.
  3630 | D:4      | Found a blossoming altar of Fedhas.
  3632 | D:4      | Found a burning altar of Makhleb.
  3691 | D:5      | Entered Level 5 of the Dungeon
  3691 | D:5      | Found Reynor's Magic Scroll Boutique.
  3805 | D:5      | Noticed a sky beast
  3875 | D:5      | Reached XP level 7. HP: 50/61 MP: 6/6
  3891 | D:5      | Found a sparkling altar of Nemelex Xobeh.
  3892 | D:5      | Found a broken altar of Ashenzari.
  3892 | D:5      | Found a glowing golden altar of the Shining One.
  4565 | D:6      | Reached * piety under Okawaru
  4581 | D:6      | Identified the amulet "Goximmygagg" {RegenMP Will+}
  4933 | D:6      | Reached skill level 1 in Invocations
  5165 | D:6      | Found a sacrificial altar of Ru.
  5342 | D:7      | Found a flagged portal.
  5375 | Bailey   | Entered a bailey
  5419 | Bailey   | Reached XP level 8. HP: 66/70 MP: 8/8
  5939 | Bailey   | Identified the +10 glaive of Wisdom {freeze, rPois Dex+2
                  | SInv}
  5954 | Bailey   | HP: 1/71 [orc warrior (32)]
  5954 | Bailey   | Mangled by an orc warrior

Illustrated notes

Levels and vault maps discovered:
D:1:      minmay_arrival_four_circles, layout_basic
D:2:      layout_loops_ring, shapermc_ecumenical_altar_ellora
D:3:      layout_basic, minmay_statues_item, kennysheep_generic_room_6
D:4:      layout_basic, grunt_temple_overflow_open,
          mainiacjoe_overflow_alcove_1, nicolae_sif_muna_little_library,
          minmay_temple_entry_tees
D:5:      layout_basic, minitemple, supply_closet_lemuel, nicolae_stop_n_shop_1
D:6:      layout_loops_ring, nicolae_ru_path_of_blood
D:7:      layout_basic, enter_bailey_5, lightli_orcish_oven
Temple:   cyrus_circular_temple
Bailey:   bailey_axe_minmay_hex_keep, bailey

Skill      XL: |  1  2  3  4  5  6  7 |
---------------+----------------------+-----
Axes           | 3 4 5 6 |  6.7
Fighting       | 4 5 6 |  6.7
Armour         | 4 5 6 |  6.7
Shields        | 4 5 6 |  6.7
Invocations    | 2 |  2.0

Action                   |  1- 3 |  4- 6 |  7- 9 || total
-------------------------+-------+-------+-------++-------
Melee: War axe           |    83 |    68 |   148 ||   299
       Headbutt          |    16 |    11 |    22 ||    49
Throw: Stone             |    43 |    29 |    44 ||   116
Invok: Heroism           |       |       |     1 ||     1
  Use: Scroll            |       |     2 |    10 ||    12
       Potion            |       |       |     1 ||     1
Armor: Scale mail        |    15 |       |       ||    15
       Ring mail         |    19 |    30 |    46 ||    95
Dodge: Dodged            |    18 |    27 |    73 ||   118
Block: Kite shield       |    39 |    35 |    90 ||   164
